[Event "Early-Titled-Tuesday-Blitz-February-13-2024"]
[Site "Chess.com"]
[Date "2024.02.13"]
[Round "6"]
[White "Yeritsyaan"]
[Black "shimastream"]
[Result "0-1"]
[WhiteElo "2612"]
[BlackElo "2988"]
[TimeControl "180+1"]
[EndTime "9:10:37 PST"]
[Termination "shimastream won on time"]

1. e4 e5 2. Nf3 Qe7 3. Nc3 c6 4. Bc4 d6 5. O-O Bg4 6. h3 Bh5 7. Re1 Nf6 8. Be2 Qc7 9. d4 Be7 10. Bg5 Nbd7 11. Nh4 Bg6 12. Nf5 Bxf5 13. exf5 O-O 14.
Bf3 Rfe8 15. Qd2 d5 16. dxe5 Nxe5 17. Qf4 Bd6 18. Bxf6 gxf6 19. Bh5 Bf8 20. Re3 Kh8 21. Rg3 Bg7 22. Ne2 Rac8 23. Qh4 Nc4 24. Nf4 Re4 25. Rg4 Ne5 26. Ng6+ fxg6 27. Bxg6 Nxg6 28. fxg6 h6 29. Rxe4 dxe4 30. Qxe4 Qe5 31. Qxe5 fxe5 32. Rd1 e4 33. c3 Be5 34. Rd7 Rc7 35. Rd8+ Kg7 36. Re8 Bf6 37. Rxe4 Kxg6 38. h4 h5 39. g3 Rd7 40.
Kg2 Rd2 41. Rb4 b5 42. Kf3 a5 43. Rb3 Be7 44. a4 b4 45. cxb4 Bxb4 46. Re3 Kf5 47. Re8 Rxb2 48. Rg8 Be7 49. Rh8 Kg6 0-1

[Event "Early-Titled-Tuesday-Blitz-February-13-2024"]
[Site "Chess.com"]
[Date "2024.02.13"]
[Round "6"]
[White "KNVB"]
[Black "Aash20"]
[Result "1-0"]
[WhiteElo "2867"]
[BlackElo "2455"]
[TimeControl "180+1"]
[EndTime "9:10:37 PST"]
[Termination "KNVB won by resignation"]

1. d4 d5 2. Bf4 Nf6 3. e3 c5 4. c3 Nc6 5. Nd2 Qb6 6. Qb3 c4 7. Qxb6 axb6 8. a3 b5 9. Rc1 Bf5 10. Ngf3 h6 11. Be2 e6 12. Ne5 Nxe5 13. Bxe5 Be7 14.
Bxf6 Bxf6 15. O-O O-O 16. Rfe1 e5 17. dxe5 Bxe5 18. Nf3 Bf6 19. Rcd1 Rfd8 20. Nd4 Bd7 21. Rd2 Bc6 22. Red1 Rd6 23. Bf3 Rad8 24. Nc2 Kf8 25. Nb4 Ke7 26. Bxd5 Bxd5 27. Nxd5+ Kf8 28. Kf1 Be5 29. Ke2 g5 30. f4 gxf4 31. exf4 Bg7 32. Nc7 Rxd2+ 33. Rxd2 Rxd2+ 34. Kxd2 Ke7 35. Nxb5 Ke6 36.
Ke3 Kd5 37. g4 Kc5 38. Nd4 Bf6 39. Nf3 Kb5 40. g5 hxg5 41. fxg5 Bg7 42. h4 Ka4 43. Nd4 Bxd4+ 44. Kxd4 Kb3 45. h5 b5 46. h6 Kxb2 47. h7 Kxa3 48. h8=Q Kb3 49. Qf8 b4 50. Qxb4+ Kc2 51. Qxc4 f5 52. gxf6 1-0

[Event "Early-Titled-Tuesday-Blitz-February-13-2024"]
[Site "Chess.com"]
[Date "2024.02.13"]
[Round "6"]
[White "vladgoncharov"]
[Black "m_ezat"]
[Result "1-0"]
[WhiteElo "2632"]
[BlackElo "2449"]
[TimeControl "180+1"]
[EndTime "9:10:38 PST"]
[Termination "vladgoncharov won on time"]

1. d4 Nf6 2. c4 g6 3. Nc3 Bg7 4. Nf3 d6 5. Bg5 O-O 6. e3 h6 7. Bh4 g5 8. Bg3 Nbd7 9. Be2 Nh5 10. Qc2 e5 11. dxe5 dxe5 12. Nd2 Nxg3 13. hxg3 f5 14. g4 Nc5 15. O-O-O c6 16. Nde4 Qa5 17. Nd6 e4 18. Nxc8 Raxc8 19. gxf5 b5 20. Kb1 b4 21. Nxe4 b3 22. axb3 Nxb3 23. Qxb3 Rb8 24. Qxb8 Rxb8 25. f6 Qf5 26. Bd3 Bxf6 27. Rxh6 Bxb2 28.
Kc2 Kg7 29. Rdh1 Be5 30. Rh7+ Kg8 31. R1h6 Qg4 32. Re7 Rb1 33. Kxb1 Qd1+ 34. Ka2 Qa4+ 35. Kb1 Qd1+ 36. Ka2 Qa1+ 37. Kb3 Qb2+ 38. Ka4 Qa2+ 39. Kb4 c5+ 40. Kxc5 Qa5+ 41. Kc6 Qb6+ 42. Kd5 Bg7 43. Rxb6 axb6 44. Rxg7+ 1-0

[Event "Early-Titled-Tuesday-Blitz-February-13-2024"]
[Site "Chess.com"]
[Date "2024.02.13"]
[Round "6"]
[White "Roman_Ovetchkin"]
[Black "MIss_MIaMI"]
[Result "1-0"]
[WhiteElo "2625"]
[BlackElo "2424"]
[TimeControl "180+1"]
[EndTime "9:10:38 PST"]
[Termination "Roman_Ovetchkin won by checkmate"]

1. d4 c5 2. d5 g6 3. e4 Bg7 4. Nf3 a6 5. a4 d6 6. h3 b6 7.
Nc3 Nf6 8. Bc4 O-O 9. O-O Nbd7 10. Bf4 Ne8 11. Nd2 Ne5 12. Be2 Nc7 13. Be3 Rb8 14. f4 Nd7 15. Nc4 Bb7 16. Qd2 b5 17.
axb5 axb5 18. Na5 c4 19. Bd4 Bxd4+ 20. Qxd4 Nc5 21. b4 cxb3 22. Nxb3 b4 23. Nd1 Nxb3 24. cxb3 Ba8 25. Ne3 Nb5 26. Bxb5 Rxb5 27. Ra7 Re8 28. f5 Qb6 29. Qxb6 Rxb6 30. Rfa1 Bb7 31. Rc1 Ba6 32. Kf2 Kf8 33. Rc6 Rxc6 34. dxc6 Bc8 35. g4 gxf5 36. gxf5 Kg7 37. Kf3 Kf6 38. Kf4 e5+ 39. Kf3 Rf8 40. Nd5+ Kg5 41. Ra8 Bxf5 42. Rxf8 Bxe4+ 43. Kxe4 Kg6 44.
Rg8+ Kh6 45. Kf5 e4 46. Kxe4 f5+ 47. Kxf5 Kh5 48. Nf4+ Kh6 49. Kf6 d5 50. Rg5 d4 51.
Rh5# 1-0

[Event "Early-Titled-Tuesday-Blitz-February-13-2024"]
[Site "Chess.com"]
[Date "2024.02.13"]
[Round "6"]
[White "Schattman"]
[Black "Lion-Al-Messi"]
[Result "1/2-1/2"]
[WhiteElo "2394"]
[BlackElo "2571"]
[TimeControl "180+1"]
[EndTime "9:10:38 PST"]
[Termination "Game drawn by repetition"]

1. f4 Nf6 2. Nf3 g6 3. g3 Bg7 4. Bg2 O-O 5. d3 d5 6. O-O b5 7.
Ne5 Bb7 8. a4 b4 9. c3 a5 10. Be3 Nbd7 11. Nxd7 Qxd7 12. h3 Rfe8 13. Bd4 Rac8 14. cxb4 axb4 15. a5 Qb5 16. Qa4 Qxa4 17. Rxa4 c5 18. Be5 Bc6 19. Ra1 Nd7 20. Bxg7 Kxg7 21.
Nd2 Ra8 22. e4 d4 23. e5 Rec8 24. Rfc1 Bxg2 25. Kxg2 Rc6 26. Kf3 Rca6 27. Nb3 f6 28. Nxc5 Nxc5 29. Rxc5 fxe5 30. Rxe5 Kf6 31. Ra4 Rb8 32.
b3 e6 33. Ke4 Rb7 34. Rc5 Rb8 35. Rc4 Rb5 36. Rxd4 Raxa5 37. Rxa5 Rxa5 38. Rxb4 Ra1 39.
h4 Re1+ 40. Kf3 Rf1+ 41. Ke2 Rg1 42. Kf2 Rd1 43. Rd4 Rb1 44. b4 h6 45. Ke2 h5 46.
Rc4 Kf5 47. Kf3 Rd1 48. Rc5+ Kf6 49. Ke4 Re1+ 50. Kd4 Rg1 51. b5 Rb1 52. Re5 Ke7 53. Kc5 Rb3 54. d4 Rxg3 55. Rg5 Rc3+ 56. Kb6 Rc4 57. Rxg6 Rxd4 58. Rg5 Rxf4 59. Rxh5 Kd6 60. Rh8 Kd7 61. h5 e5 62. Kb7 e4 63. Rh7+ Kd6 64.
Rh8 Kd7 65. Rh7+ Kd6 66. Rh6+ Kd7 67. Rh7+ 1/2-1/2

[Event "Early-Titled-Tuesday-Blitz-February-13-2024"]
[Site "Chess.com"]
[Date "2024.02.13"]
[Round "6"]
[White "hsd2016"]
[Black "MrChessSponge"]
[Result "0-1"]
[WhiteElo "2333"]
[BlackElo "2524"]
[TimeControl "180+1"]
[EndTime "9:10:38 PST"]
[Termination "MrChessSponge won by resignation"]

1. d4 Nf6 2. c4 g6 3. Nc3 d5 4. Nf3 Bg7 5. e3 O-O 6. Be2 dxc4 7. Bxc4 c5 8. O-O a6 9. dxc5 Qa5 10. Bd2 Qxc5 11. Qe2 b5 12. Bb3 Bb7 13. Rac1 Qh5 14. e4 Nc6 15. e5 Ng4 16. h3 Ngxe5 17. Nxe5 Qxe2 18. Nxe2 Bxe5 19. Bc3 Bxc3 20. Rxc3 Rac8 21. Rfc1 Na5 22. Rc7 Nxb3 23. axb3 Rxc7 24. Rxc7 Bd5 25. b4 e6 26. Nc3 Bc4 27. Ne4 Rd8 28. Ra7 Rd4 29.
Nc5 Rd1+ 30. Kh2 Rd2 31. Kg3 Rxb2 32. Nxa6 Kg7 33. Rc7 Rb3+ 34. Kf4 Rb2 35. Kg3 g5 36. Nc5 Rxb4 37. Ne4 h6 38. Nd6 e5 39. Nf5+ Kg6 40. Ne7+ Kh7 41. Nf5 Be6 42. Ne3 Kg6 43. Rc6 Rd4 44.
Rb6 b4 45. Kh2 b3 46. g3 Rd2 47. Kg2 b2 48. Nf1 Rc2 49. Ne3 Rd2 50. Nf1 Rd1 51.
Ne3 b1=Q 0-1

[Event "Early-Titled-Tuesday-Blitz-February-13-2024"]
[Site "Chess.com"]
[Date "2024.02.13"]
[Round "6"]
[White "chess123456s"]
[Black "Elnaz_Kaliakhmet"]
[Result "1/2-1/2"]
[WhiteElo "2619"]
[BlackElo "2347"]
[TimeControl "180+1"]
[EndTime "9:10:39 PST"]
[Termination "Game drawn by stalemate"]

1. d4 Nf6 2. Nc3 d5 3. Bf4 c5 4. e4 Nxe4 5. Nxe4 dxe4 6. dxc5 Qxd1+ 7. Rxd1 Bd7 8. Bc4 f6 9. Ne2 e5 10. Be3 Nc6 11. Nc3 f5 12. Bf7+ Kd8 13. Be6 Nd4 14. Bxd4 Bxe6 15. Bxe5+ Kc8 16. Bd6 Bxd6 17. Rxd6 Re8 18.
O-O a6 19. Rfd1 Kc7 20. b4 Rad8 21. Nd5+ Bxd5 22. R1xd5 Rxd6 23. cxd6+ Kc6 24. Rxf5 Kxd6 25. Rf7 Re7 26. Rxe7 Kxe7 27. c4 Kd6 28. Kf1 Ke5 29.
Ke2 Kd4 30. b5 Kxc4 31. bxa6 bxa6 32. Ke3 Kc3 33. Kxe4 Kb2 34. a4 Kb3 35. a5 Kb4 36. Kd5 Kxa5 37. Kc4 Kb6 38. Kb4 a5+ 39. Ka4 Ka6 40.
f4 Kb6 41. g4 h6 42. h4 Kc6 43.
f5 Kd5 44. g5 h5 45. Kxa5 Ke5 46. f6 gxf6 47. gxf6 Kxf6 48. Kb4 Kf5 49. Kc3 Kg4 50. Kd3 Kxh4 51. Ke2 Kg3 52. Kf1 Kh2 53. Kf2 h4 54. Kf1 h3 55. Kf2 Kh1 56. Kf1 h2 57.
Kf2 1/2-1/2

[Event "Early-Titled-Tuesday-Blitz-February-13-2024"]
[Site "Chess.com"]
[Date "2024.02.13"]
[Round "6"]
[White "Herzog2012"]
[Black "PushingpawnsNYC"]
[Result "1-0"]
[WhiteElo "2529"]
[BlackElo "2333"]
[TimeControl "180+1"]
[EndTime "9:10:39 PST"]
[Termination "Herzog2012 won on time"]

1. e4 c5 2. Nf3 e6 3. g3 a6 4. Bg2 b5 5. d4 cxd4 6. Nxd4 Bb7 7. O-O d6 8. Nc3 Be7 9. Qg4 g6 10. h4 Nd7 11. Bd2 Ngf6 12. Qe2 h5 13. e5 dxe5 14. Nxe6 Qb8 15. Ng5 Bxg2 16. Kxg2 O-O 17.
Rad1 Nc5 18. Be3 Qb7+ 19. f3 Rac8 20. Bxc5 Rxc5 21. Nce4 Nxe4 22. Nxe4 Rc7 23. c3 a5 24. Rd2 Rfc8 25. Rfd1 b4 26. Rd5 bxc3 27. Nxc3 Bf6 28.
Rxa5 Bg7 29. Qb5 Qxb5 30. Rxb5 e4 31. Nxe4 Rc2+ 32. Kh3 Bxb2 33. Rd2 Bc1 34. Rxc2 Rxc2 35. Rc5 Rxc5 36. Nxc5 Kf8 37. g4 Ke7 38. gxh5 gxh5 39.
Ne4 Ke6 40. Ng3 Ke5 41. Nxh5 Ba3 42. Kg4 f5+ 43. Kg5 Be7+ 44. Kg6 Bxh4 45. Ng7 Kf4 46.
Ne6+ 1-0

[Event "Early-Titled-Tuesday-Blitz-February-13-2024"]
[Site "Chess.com"]
[Date "2024.02.13"]
[Round "6"]
[White "HajiyevKanan"]
[Black "szefru"]
[Result "1-0"]
[WhiteElo "2502"]
[BlackElo "2272"]
[TimeControl "180+1"]
[EndTime "9:10:39 PST"]
[Termination "HajiyevKanan won on time"]

1. d4 Nf6 2. Nf3 g6 3. c4 Bg7 4. g3 O-O 5. Bg2 c6 6. O-O d5 7. b3 Bf5 8. Bb2 a5 9. Nc3 Na6 10. e3 Nb4 11. Ne1 Qd7 12. a3 Na6 13. Nd3 Ne4 14.
Nf4 Nc7 15. Qe2 Ne6 16. Nd3 Nxc3 17. Bxc3 a4 18. cxd5 Bxd3 19. Qxd3 cxd5 20. b4 Rac8 21. b5 Rc4 22. Rab1 Rfc8 23. Ba5 Ng5 24. h4 Ne6 25. Bb4 Bf6 26. Ba5 Ng7 27. Kh2 g5 28. hxg5 Bxg5 29. Bh3 e6 30. b6 Be7 31. Bg4 h5 32. Bd1 h4 33. gxh4 Bxh4 34. Rb2 Be7 35. Bg4 Bd6+ 36. f4 Qe7 37. Kg3 Rc1 38. Rxc1 Rxc1 39. Rg2 Bxa3 40. Qb5 Bd6 41. Qxa4 Rh1 42. Kf3 Kf8 43. Qc2 Qh4 44. Qc8+ Ne8 45. Qxb7 Rf1+ 46. Ke2 1-0

[Event "Early-Titled-Tuesday-Blitz-February-13-2024"]
[Site "Chess.com"]
[Date "2024.02.13"]
[Round "6"]
[White "SantoBlue"]
[Black "GOGIEFF"]
[Result "1-0"]
[WhiteElo "2981"]
[BlackElo "3017"]
[TimeControl "180+1"]
[EndTime "9:10:40 PST"]
[Termination "SantoBlue won on time"]

1. e4 c5 2. Nf3 d6 3. Bb5+ Nd7 4.
c3 Nf6 5. Qe2 a6 6. Ba4 b5 7. Bc2 Bb7 8. d4 e6 9. O-O Be7 10. a4 O-O 11. Re1 cxd4 12. cxd4 bxa4 13. Nc3 a3 14. Rxa3 d5 15. e5 Ne4 16. Rb3 Nb6 17.
Nxe4 dxe4 18. Bxe4 Bxe4 19. Qxe4 Nd5 20. h4 h6 21. h5 Rb8 22. Rd3 Nb4 23. Rc3 Nd5 24.
Rd3 Nb4 25. Ra3 Qc8 26. Qg4 Kh8 27. Rc3 Qb7 28. Nh2 Nd5 29. Rg3 Rg8 30. Qe2 Qb5 31.
Qf3 Qb4 32. Rd1 Rbf8 33. Ng4 a5 34. Bd2 Qxb2 35. Bxa5 Qc2 36. Bd2 Rb8 37. Ne3 Nxe3 38. Bxe3 Rgf8 39. Kh2 Rb3 40. Qg4 Rg8 41. Rc1 Qb2 42.
Rc7 Rb7 43. Bxh6 Bf8 44. Rc8 f5 45. exf6 1-0

[Event "Early-Titled-Tuesday-Blitz-February-13-2024"]
[Site "Chess.com"]
[Date "2024.02.13"]
[Round "6"]
[White "JiiHart"]
[Black "UK_23"]
[Result "1-0"]
[WhiteElo "2162"]
[BlackElo "2361"]
[TimeControl "180+1"]
[EndTime "9:10:40 PST"]
[Termination "JiiHart won by resignation"]

1. e4 e5 2. Nf3 Nf6 3. d4 exd4 4. e5 Ne4 5. Qxd4 d5 6. exd6 Nxd6 7. Nc3 Nc6 8. Qf4 Be6 9. Bd3 Qd7 10. Bd2 h6 11. O-O-O O-O-O 12. Rhe1 Kb8 13. h4 Be7 14. Ne4 Nxe4 15. Bxe4 Bd6 16. Qe3 Bxa2 17. Bc3 Be6 18.
Bxg7 Rhg8 19. Bf6 Rde8 20. Qc3 Rxg2 21. Ne5 Nxe5 22. Bxe5 Rg4 23. Bxd6 cxd6 24. f3 Rxh4 25. Qf6 Qe7 26. Qxe7 Rxe7 27. Rxd6 Kc7 28. Red1 Rh2 29. R6d2 Rxd2 30. Rxd2 Re8 31. Rh2 Rh8 32. Kd2 h5 33. Ke3 h4 34. Kf4 h3 35. Bf5 Kd6 36. Bxe6 fxe6 37. Kg3 Ke5 38. Rxh3 Rxh3+ 39. Kxh3 Kf4 40. Kg2 a5 41. Kf2 a4 42. Ke2 b5 43. c3 e5 44. Kf2 e4 45. fxe4 Kxe4 46. Ke2 Kd5 47. Kd3 Kc5 48. Kd2 Kc4 49. Kc2 Kc5 50. Kd2 Kd5 51.
Kd3 Ke5 52. Ke3 Kf5 53. Kd4 Ke6 54. Kc5 b4 55. Kxb4 1-0

[Event "Early-Titled-Tuesday-Blitz-February-13-2024"]
[Site "Chess.com"]
[Date "2024.02.13"]
[Round "6"]
[White "Zhigalko_Sergei"]
[Black "GelmanAlexander"]
[Result "0-1"]
[WhiteElo "2948"]
[BlackElo "2776"]
[TimeControl "180+1"]
[EndTime "9:10:41 PST"]
[Termination "GelmanAlexander won on time"]

1. e4 c5 2. Nf3 e6 3. d4 cxd4 4. Nxd4 a6 5. Bd3 d6 6. O-O Nf6 7. Qe2 Nbd7 8. c4 b6 9. Nc3 Bb7 10. Be3 Ne5 11. f3 Rc8 12. Rac1 h6 13. Rfd1 Be7 14. b3 g5 15. Bb1 Rg8 16. Kh1 h5 17. a4 h4 18. Rd2 h3 19. g4 Nfd7 20. Rcd1 Nc5 21. Kg1 Bf8 22. Bc2 Qf6 23. Qf2 Ng6 24. Nce2 Nh4 25. Ng3 Be7 26. Nh5 Qh8 27. Ne2 f5 28.
Rxd6 fxg4 29. fxg4 Rf8 30. Qg3 Rf3 31. Qe1 Rxe3 32.
Qf2 Rf3 33. Qe1 Qb2 34. R6d2 Qe5 35. Neg3 Rxg3+ 36. Qxg3 Qxg3+ 37. hxg3 Nf3+ 38. Kh1 Nxd2 39. Rxd2 Nxe4 40. Bxe4 Bxe4+ 41. Kh2 Bg2 42. Rf2 Rd8 43. Ng7+ Kd7 44. Re2 Bc5 45. Nxe6 Re8 46. Nxc5+ bxc5 47. Rd2+ Kc6 48. Kg1 Re1+ 49. Kf2 Rf1+ 50. Ke2 h2 0-1

[Event "Early-Titled-Tuesday-Blitz-February-13-2024"]
[Site "Chess.com"]
[Date "2024.02.13"]
[Round "6"]
[White "tusplingher"]
[Black "NikitaShnadrygin"]
[Result "0-1"]
[WhiteElo "2465"]
[BlackElo "2637"]
[TimeControl "180+1"]
[EndTime "9:10:42 PST"]
[Termination "NikitaShnadrygin won by resignation"]

1. e4 c5 2. Nf3 e6 3. d4 cxd4 4. Nxd4 Nf6 5. Nc3 Nc6 6. Ndb5 Bb4 7. Bf4 Nxe4 8. Nc7+ Kf8 9. Nxa8 Qf6 10. Qf3 Nxc3 11. Bd2 Nd4 12. Qd3 Qe5+ 13. Be2 Ncxe2 14. Bxb4+ d6 15. Kf1 Nf4 16. Qc4 Bd7 17. Re1 Bb5 18. Rxe5 Bxc4+ 19. Ke1 Nxc2+ 20. Kd2 Nxb4 21. Re4 d5 22.
Rxf4 Nxa2 23. Nc7 Ke7 24. b3 Bxb3 25. Rb1 e5 26. Rg4 Bc4 27. Rxb7 Kf6 28. Rxa7 Nb4 29.
f4 e4 30. Rg5 d4 31. Ra4 e3+ 32. Kd1 Bb3+ 33. Ke2 Bxa4 34. Re5 Rd8 35. g4 g6 36.
Ra5 Nc2 37. Nd5+ Rxd5 38. Rxd5 Bb3 39. Rd6+ Ke7 40. Rb6 Bc4+ 41. Kf3 e2 42. Rb7+ Kf6 43. g5+ Kg7 44. Rb1 e1=Q 45. Rxe1 Nxe1+ 46. Ke4 d3 47. Ke3 Ng2+ 48. Kd2 Nxf4 0-1

[Event "Early-Titled-Tuesday-Blitz-February-13-2024"]
[Site "Chess.com"]
[Date "2024.02.13"]
[Round "6"]
[White "LaPiToB"]
[Black "AttilaTurzo"]
[Result "0-1"]
[WhiteElo "2308"]
[BlackElo "2479"]
[TimeControl "180+1"]
[EndTime "9:10:42 PST"]
[Termination "AttilaTurzo won by resignation"]

1. d4 Nf6 2. c4 e6 3. Nf3 d5 4. Nc3 Bb4 5. cxd5 exd5 6. Bg5 h6 7. Bh4 O-O 8. Qc2 c5 9. Rd1 cxd4 10. Rxd4 Nc6 11. Rd1 d4 12. a3 Be7 13. e3 Qa5 14. Nxd4 Nxd4 15. Rxd4 Bf5 16. Bd3 Be6 17. O-O Rac8 18.
Ra4 Qb6 19. Qe2 Bb3 20. Rd4 Bxa3 21. bxa3 Rxc3 22. Rb1 Qe6 23. Bxf6 Qxf6 24. Qd2 Rfc8 25. h3 b6 26. Ba6 Rc2 27. Qe1 R8c3 28. Bf1 Be6 29.
Rf4 Qe5 30. Rd1 Rc8 31. Rfd4 g6 32. Bd3 R2c3 33. Bf1 Kg7 34. Rd8 Rxd8 35. Rxd8 Rxa3 36. Qb4 Qc5 37. Qb2+ f6 38. Ra8 h5 39. Rb8 Qc3 40.
Rb7+ Kh6 41. Qb5 Ra1 42. Qe8 Bc4 43. Qh8+ Kg5 44. h4+ Kxh4 45. g3+ Kg5 46. f4+ Kg4 47. Qc8+ f5 48. Qxc4 Qxc4 0-1

[Event "Early-Titled-Tuesday-Blitz-February-13-2024"]
[Site "Chess.com"]
[Date "2024.02.13"]
[Round "6"]
[White "OhanyanEminChess"]
[Black "BogdanDeac"]
[Result "0-1"]
[WhiteElo "2806"]
[BlackElo "2999"]
[TimeControl "180+1"]
[EndTime "9:10:43 PST"]
[Termination "BogdanDeac won by resignation"]

1. e4 c6 2. d4 d5 3. Nc3 a6 4. Nf3 Bg4 5. h3 Bh5 6. Bd3 e6 7. O-O Nf6 8. e5 Nfd7 9. g4 Bg6 10.
Ne2 c5 11. c3 Nc6 12. Be3 Be7 13. Kg2 Qb6 14. Rb1 cxd4 15. cxd4 Bxd3 16. Qxd3 Qb5 17. Qd2 Qa5 18. Qxa5 Nxa5 19. Rfc1 Nc4 20. Bf4 h6 21. b3 Na5 22. Ne1 Nc6 23. Be3 a5 24. Nd3 g6 25. a4 Kd8 26. f4 h5 27. Ng3 hxg4 28. hxg4 Kc7 29. Rh1 Rag8 30. Kf3 Nb4 31. Nxb4 axb4 32. f5 gxf5 33. gxf5 Bh4 34. Bf4 Bxg3 35.
Rxh8 Rxh8 36. Bxg3 Nb8 37. fxe6 fxe6 38. Bf2 Rh3+ 39. Kg4 Rd3 40. Kg5 Nc6 41. Bg1 Rf3 42. Kg6 Kd7 43. Rb2 Na5 44. Rh2 Rg3+ 45. Kf7 Rxg1 46.
Rh7 Rf1+ 47. Kg8+ Kd8 0-1

[Event "Early-Titled-Tuesday-Blitz-February-13-2024"]
[Site "Chess.com"]
[Date "2024.02.13"]
[Round "6"]
[White "tandaleo"]
[Black "CarlosjPineror"]
[Result "0-1"]
[WhiteElo "2533"]
[BlackElo "2700"]
[TimeControl "180+1"]
[EndTime "9:10:44 PST"]
[Termination "CarlosjPineror won on time"]

1. d4 Nf6 2. Nf3 e6 3. c4 Bb4+ 4. Bd2 Qe7 5. g3 O-O 6. Bg2 Bxd2+ 7. Nbxd2 d6 8. O-O e5 9. dxe5 dxe5 10. Qc2 c6 11. Rfd1 Nbd7 12. Ng5 h6 13. Nge4 Nxe4 14. Nxe4 Nf6 15. Nd6 Be6 16. c5 Ne8 17. Qc3 Nxd6 18. Rxd6 f6 19. a4 Rfd8 20. Rad1 Rxd6 21. cxd6 Qd7 22. b4 Rd8 23. Qc5 a6 24. a5 Qf7 25. Rd2 Rd7 26. e4 g6 27. h4 g5 28.
hxg5 hxg5 29. f4 gxf4 30. gxf4 exf4 31. Bf3 Kf8 32. Rh2 Qg7+ 33. Rg2 Qh6 34. e5 Qh4 35. Kf1 Qh1+ 36. Kf2 Qa1 37. exf6 Qxf6 38. Rh2 Qg7 39. Rh5 Qb2+ 40. Kg1 Rg7+ 41. Rg5 Rxg5+ 42. Qxg5 Qd4+ 43.
Kh2 Qxd6 44. Qf6+ Ke8 45. Bh5+ Kd7 46. Qg7+ Kc8 47. Qh8+ Kc7 48. Qg7+ Bd7 49. Kg2 Qd2+ 50. Kf1 Qd3+ 51. Kf2 Qe3+ 52. Kf1 Qh3+ 0-1

[Event "Early-Titled-Tuesday-Blitz-February-13-2024"]
[Site "Chess.com"]
[Date "2024.02.13"]
[Round "6"]
[White "JonasEilenberg"]
[Black "LiamPutnam2008"]
[Result "0-1"]
[WhiteElo "2598"]
[BlackElo "2814"]
[TimeControl "180+1"]
[EndTime "9:10:45 PST"]
[Termination "LiamPutnam2008 won by resignation"]

1. d4 Nf6 2. c4 g6 3. Nc3 Bg7 4. Nf3 O-O 5. Bg5 d6 6. e3 h6 7.
Bh4 Nbd7 8. Be2 e5 9. Qc2 Re8 10. Rd1 b6 11. dxe5 dxe5 12. Nd5 c6 13. Nc3 Qe7 14.
Ne4 g5 15. Bg3 Nxe4 16. Qxe4 Bb7 17. O-O Nc5 18. Qc2 Rad8 19. b4 Na6 20. a3 c5 21. b5 Nc7 22. a4 e4 23. Nd2 f5 24.
Bh5 Rf8 25. Bxc7 Qxc7 26. Nb1 Be5 27. h3 Kg7 28. Nc3 Qe7 29. Nd5 Bxd5 30. cxd5 Rd6 31.
Qc4 Rfd8 32. Rd2 R6d7 33. Rfd1 Bd6 34. Be2 Qe5 35. g3 f4 36. Bg4 Rf7 37. exf4 gxf4 38.
Re1 fxg3 39. Rxe4 gxf2+ 40. Rxf2 Qa1+ 41. Rf1 Rxf1+ 42. Qxf1 Qxf1+ 43. Kxf1 Rf8+ 44. Kg2 Rf6 45. Re8 Rf8 46. Re6 Rf6 47. Re8 c4 48. Rc8 Bc5 49.
Rc7+ Kg6 50. Be2 Rf2+ 51. Kg3 Rxe2 52. d6 Bxd6+ 0-1

[Event "Early-Titled-Tuesday-Blitz-February-13-2024"]
[Site "Chess.com"]
[Date "2024.02.13"]
[Round "6"]
[White "rezamahdavi2008"]
[Black "dropstoneDP"]
[Result "0-1"]
[WhiteElo "2841"]
[BlackElo "3066"]
[TimeControl "180+1"]
[EndTime "9:10:46 PST"]
[Termination "dropstoneDP won on time"]

1. e4 e5 2. Nf3 Nf6 3. Nc3 Nc6 4. d4 exd4 5. Nxd4 Bb4 6. Nxc6 bxc6 7. Bd3 O-O 8. O-O d5 9. exd5 cxd5 10. Bg5 c6 11.
Na4 Bd6 12. c3 Re8 13. Bh4 Bd7 14. Bc2 Qe7 15. Qd3 Qe2 16. Bxf6 Qxd3 17. Bxd3 gxf6 18. b4 h5 19. Rfe1 Re5 20. h3 Kf8 21. Kf1 Rae8 22. a3 h4 23. Nc5 Bc8 24. a4 a5 25. f4 Re3 26. Rxe3 Rxe3 27. Rd1 axb4 28. cxb4 Bxf4 29. Kf2 d4 30. a5 Bg3+ 31. Kf1 Bd6 32. a6 Bxc5 33. bxc5 Rxd3 34. Ra1 Rb3 35. a7 Bb7 36.
Ke2 Ke7 37. a8=Q Bxa8 38. Rxa8 Ke6 39. Rd8 Ke5 40. Rd6 Ke4 41. Rxc6 d3+ 42. Kd2 Rb2+ 43. Kc3 Rc2+ 44. Kb3 Rc1 45. Rd6 Rxc5 46. Rxf6 d2 0-1

[Event "Early-Titled-Tuesday-Blitz-February-13-2024"]
[Site "Chess.com"]
[Date "2024.02.13"]
[Round "6"]
[White "krasavetc"]
[Black "ExtremeLearner"]
[Result "1-0"]
[WhiteElo "2628"]
[BlackElo "2377"]
[TimeControl "180+1"]
[EndTime "9:10:46 PST"]
[Termination "krasavetc won by resignation"]

1. e4 c6 2. d4 d5 3. exd5 cxd5 4. Bd3 Nc6 5. c3 Qc7 6. h3 g6 7. Nf3 Bf5 8. Be2 Nf6 9. O-O h6 10. Re1 g5 11. Ne5 e6 12. Bd3 Bxd3 13. Nxd3 Bd6 14. Nd2 O-O-O 15. b4 g4 16. h4 Ne7 17. Bb2 Nf5 18.
c4 Kb8 19. Rc1 dxc4 20. Rxc4 Qe7 21. d5 Nxd5 22. Bxh8 Qxh4 23. Qxg4 Qh2+ 24. Kf1 Rxh8 25. Nf3 Nde3+ 26. fxe3 Ng3+ 27. Kf2 Nh1+ 28. Rxh1 Qxh1 29. Ng1 h5 30. Qh3 Qxh3 31. Nxh3 b5 32. Rd4 Kc7 33. a3 a5 34. Rh4 axb4 35. axb4 Kd7 36. Ke2 Ke7 37. g4 Rc8 38. gxh5 Bg3 39. Rg4 Bd6 40.
h6 Rc2+ 41. Kf3 Rh2 42. Ndf2 Be5 43. h7 f5 44. Rg8 Kf7 45. h8=Q Bxh8 46. Rxh8 e5 47.
Kg3 Rxf2 48. Kxf2 1-0

[Event "Early-Titled-Tuesday-Blitz-February-13-2024"]
[Site "Chess.com"]
[Date "2024.02.13"]
[Round "6"]
[White "IMRosen"]
[Black "Actuary44"]
[Result "0-1"]
[WhiteElo "2661"]
[BlackElo "2499"]
[TimeControl "180+1"]
[EndTime "9:10:46 PST"]
[Termination "Actuary44 won by resignation"]

1. e4 b6 2. d4 Bb7 3. Bg5 h6 4. Bh4 Bxe4 5. d5 g5 6. Bg3 Bg7 7. Nc3 Bg6 8. h4 f5 9. hxg5 hxg5 10. Rxh8 Bxh8 11. Bd3 e5 12. Bxf5 Bxf5 13. Qh5+ Kf8 14. Qxh8 d6 15. O-O-O Qf6 16. Qxf6+ Nxf6 17. Nf3 Bg4 18. Rh1 Bxf3 19. gxf3 Kg7 20. Rg1 Kf7 21. Bh2 Na6 22. Rxg5 Rh8 23. Rg2 Nb4 24. f4 e4 25.
Nb5 Nfxd5 26. a3 Nc6 27. c4 Nf6 28. Nxc7 Nd4 29. Kd2 Rxh2 30. Rxh2 Nf3+ 31. Ke2 Nxh2 32. Nb5 Ke6 33. Nxa7 Nf3 34. Nc8 Nd7 35. f5+ Ke5 36.
f6 Nd4+ 37. Ke3 Nf5+ 38. Ke2 Kxf6 39. b4 Ke5 40. a4 Kd4 41. a5 bxa5 42. bxa5 Nc5 43.
Na7 Kxc4 44. Nc6 Nd4+ 45. Ke3 Nxc6 46. a6 Kd5 47. f3 exf3 48. Kxf3 Nxa6 49. Ke3 Nc7 50.
Kd3 Kc5 51. Kc3 d5 52. Kd3 d4 53. Kd2 Kc4 54. Kc2 d3+ 55. Kc1 Kc3 56. Kd1 d2 57. Ke2 Kc2 58. Kf2 d1=Q 59. Kg3 Qd4 60.
Kh2 Qe3 61. Kh1 Qe2 62. Kg1 Kd3 0-1

[Event "Early-Titled-Tuesday-Blitz-February-13-2024"]
[Site "Chess.com"]
[Date "2024.02.13"]
[Round "6"]
[White "Willhaven3"]
[Black "nicolasbatista3"]
[Result "1-0"]
[WhiteElo "2627"]
[BlackElo "2350"]
[TimeControl "180+1"]
[EndTime "9:10:47 PST"]
[Termination "Willhaven3 won by checkmate"]

1. d4 d5 2. Nf3 Nf6 3. c4 c6 4. Nc3 e6 5. cxd5 exd5 6. Bg5 Be7 7. e3 Nbd7 8. h3 h6 9. Bf4 O-O 10. Bd3 Re8 11. Qc2 c5 12. O-O cxd4 13. exd4 Nf8 14.
Rfe1 Ne6 15. Be5 b6 16. Qb3 Bb7 17. Bb5 Rf8 18. Rad1 Ne4 19. Bd3 Nxc3 20. bxc3 Rc8 21. Bb1 Bf6 22. Bh2 g6 23. Bxg6 Nxd4 24. Nxd4 Bxd4 25. Bxf7+ Rxf7 26. cxd4 Qf6 27. Rd2 Rcf8 28. Be5 Qg6 29. Re3 Kh7 30. Rg3 Qe4 31. Kh2 Ba6 32.
Rg4 Qf5 33. Rf4 Qg6 34. Rxf7+ Rxf7 35. f3 Bc4 36. Qd1 b5 37. a3 a5 38. Qe1 b4 39. axb4 axb4 40. Rb2 b3 41. Qc3 Qf5 42. Rxb3 Bxb3 43. Qxb3 Qg6 44. Qxd5 Qf5 45. Qc6 Rd7 46. Qa8 Qe6 47. Qh8+ Kg6 48. Qf8 Rf7 49. Qg8+ Kh5 50. g4+ Kh4 51. Bg3# 1-0

[Event "Early-Titled-Tuesday-Blitz-February-13-2024"]
[Site "Chess.com"]
[Date "2024.02.13"]
[Round "6"]
[White "Matols"]
[Black "Crazy_girl99"]
[Result "0-1"]
[WhiteElo "2396"]
[BlackElo "2592"]
[TimeControl "180+1"]
[EndTime "9:10:48 PST"]
[Termination "Crazy_girl99 won on time"]

1. d4 Nf6 2. c4 e6 3. g3 d5 4. Nf3 Be7 5. Bg2 O-O 6. O-O dxc4 7. Qc2 c6 8. Qxc4 b5 9. Qc2 Bb7 10. Bg5 Nbd7 11. Rd1 Rc8 12. a4 b4 13. Ne5 h6 14.
Bxf6 Bxf6 15. Nd2 Nb6 16. a5 Nd5 17. a6 Ba8 18. Nb3 Bxe5 19. dxe5 Qc7 20. Nc5 Rfd8 21.
Qe4 Rb8 22. Bh3 Rb5 23. Rdc1 Qe7 24. Qc4 Nb6 25. Qc2 Rd5 26. Nd3 Rxe5 27. Nxe5 Rxe5 28. Bg2 c5 29. Bxa8 Nxa8 30. e3 Nb6 31. Rd1 g6 32.
Rac1 c4 33. Rd4 Rc5 34. Qe2 Qc7 35. Rcd1 Kg7 36. e4 e5 37. Rd8 c3 38. bxc3 bxc3 39.
Qc2 Rb5 40. h4 Rb2 41. Qc1 Qc5 42. Rf1 Re2 43. Rd3 Na4 44. Rf3 Rxe4 45. h5 g5 46. Qc2 Qd4 47. Rc1 g4 48. Rd3 Qc4 49. Rd7 Nb6 50.
Rb7 Nd5 51. Kg2 Qd4 52. Rc7 Qd2 0-1